| TOP OF THE 1ST |
|
Oklahoma State University Cowboys batting - Pitching for University of California Golden Bears : RHP Karl-Anthony Aure
|
|
Pitching: RHP Karl-Anthony Aure
|
|
|
Batting: RHB Settan Nakamura
|
0-0: Ball 1-0: Swinging Strike 1-1: Ball 2-1: SINGLE (Groundball, 6D, EV 103.8 MPH)
|
|
Batting: RHB Ji-an See-to
|
0-0: Ball 1-0: Ball 2-0: DOUBLE (Flyball, 7LM, EV 106.9 MPH) Settan Nakamura to third
|
|
Batting: RHB Ben Saxton
|
0-0: Ball 1-0: Fly out, F8 (Flyball, 8RM, EV 96.2 MPH) Runner from 3rd tags up, SCORES, throw by CF
|
|
Batting: LHB Rafael Banda
|
0-0: Ball 1-0: Ground out 6-3 (Groundball, P, EV 89.4 MPH) Ji-an See-to to third
|
|
Batting: RHB Masakuni Takeuchi
|
0-0: Fly out, F8 (Flyball, 8LXD, EV 104.4 MPH)
|
| Top of the 1st over - 1 run, 2 hits, 0 errors, 1 left on base; Oklahoma State University 1 - University of California 0 |
| BOTTOM OF THE 1ST |
|
University of California Golden Bears batting - Pitching for Oklahoma State University Cowboys : RHP Cole Roome
|
|
Pitching: RHP Cole Roome
|
|
|
Batting: LHB Eric Gaugler
|
0-0: Fly out, F4 (Line Drive, 4M, EV 67.5 MPH)
|
|
Batting: RHB Mario Diaz
|
0-0: Fly out, F9 (Line Drive, 9D, EV 96.9 MPH)
|
|
Batting: LHB Carlos Gaona
|
0-0: Called Strike 0-1: Fly out, F4 (Popup, 4, EV 58.1 MPH)
|
| Bottom of the 1st over - 0 runs, 0 hits, 0 errors, 0 left on base; Oklahoma State University 1 - University of California 0 |
| TOP OF THE 2ND |
|
Oklahoma State University Cowboys batting - Pitching for University of California Golden Bears : RHP Karl-Anthony Aure
|
|
Batting: LHB Vecdi Ertegun
|
0-0: Ball 1-0: Ground out 6-3 (Groundball, 56, EV 78.1 MPH)
|
|
Batting: RHB Pedro Luera
|
0-0: Ball 1-0: Foul Ball, location: 2F 1-1: Reached on error, E5 (Groundball, 56S, EV 66.2 MPH)
|
|
Batting: LHB Gong Tow
|
0-0: Called Strike 0-1: Fly out, F8 (Flyball, 8RD, EV 94.4 MPH)
|
|
Batting: LHB Jose Peralez
|
0-0: Ground out 4-3 (Groundball, 4, EV 89.4 MPH)
|
| Top of the 2nd over - 0 runs, 0 hits, 1 error, 1 left on base; Oklahoma State University 1 - University of California 0 |
| BOTTOM OF THE 2ND |
|
University of California Golden Bears batting - Pitching for Oklahoma State University Cowboys : RHP Cole Roome
|
|
Batting: LHB Dick Shafer
|
0-0: Swinging Strike 0-1: Called Strike 0-2: Strikes out looking
|
|
Batting: LHB Luis Orellana
|
0-0: Swinging Strike 0-1: Ball 1-1: DOUBLE (Flyball, 8LXD, EV 110.6 MPH)
|
|
Batting: SHB Matsudaira Ikeda
|
0-0: Ball 1-0: SINGLE (Groundball, 25, EV 65.0 MPH) (infield hit) Luis Orellana to third
|
|
Batting: RHB Alex Guerra
|
0-0: Called Strike 0-1: Called Strike 0-2: Reached on error, E5 (Groundball, 56S, EV 65.6 MPH) Luis Orellana scores Matsudaira Ikeda to second
|
|
Batting: RHB Kevin Harris
|
0-0: Called Strike 0-1: Foul Ball, location: 2F 0-2: Strikes out swinging
|
|
Batting: RHB Domingas Saragoa
|
0-0: Called Strike 0-1: Ground out 3-1 (Groundball, 34S, EV 79.4 MPH)
|
| Bottom of the 2nd over - 1 run, 2 hits, 1 error, 2 left on base; Oklahoma State University 1 - University of California 1 |
| TOP OF THE 3RD |
|
Oklahoma State University Cowboys batting - Pitching for University of California Golden Bears : RHP Karl-Anthony Aure
|
|
Batting: RHB Settan Nakamura
|
0-0: Ball 1-0: Ground out 6-3 (Groundball, 4M, EV 100.0 MPH)
|
|
Batting: RHB Ji-an See-to
|
0-0: Foul Ball, location: 2F 0-1: Ball 1-1: Foul Ball, location: 2F 1-2: Fly out, F9 (Flyball, 9, EV 91.2 MPH)
|
|
Batting: RHB Ben Saxton
|
0-0: Ball 1-0: Ball 2-0: Fly out, F8 (Flyball, 8RS, EV 89.4 MPH)
|
| Top of the 3rd over - 0 runs, 0 hits, 0 errors, 0 left on base; Oklahoma State University 1 - University of California 1 |
| BOTTOM OF THE 3RD |
|
University of California Golden Bears batting - Pitching for Oklahoma State University Cowboys : RHP Cole Roome
|
|
Batting: LHB Eric Gaugler
|
0-0: Fly out, F8 (Flyball, 8LD, EV 99.4 MPH)
|
|
Batting: RHB Mario Diaz
|
0-0: SINGLE (Line Drive, 4M, EV 103.1 MPH)
|
|
Batting: LHB Carlos Gaona
|
0-0: Grounds into double play, 5-4-3 (Groundball, 5, EV 83.1 MPH)
|
| Bottom of the 3rd over - 0 runs, 1 hit, 0 errors, 0 left on base; Oklahoma State University 1 - University of California 1 |
| TOP OF THE 4TH |
|
Oklahoma State University Cowboys batting - Pitching for University of California Golden Bears : RHP Karl-Anthony Aure
|
|
Batting: LHB Rafael Banda
|
0-0: Ball 1-0: Ball 2-0: Called Strike 2-1: Fly out, F7 (Line Drive, 7S, EV 88.8 MPH)
|
|
Batting: RHB Masakuni Takeuchi
|
0-0: Called Strike 0-1: SINGLE (Groundball, 6MD, EV 96.2 MPH)
|
|
Batting: LHB Vecdi Ertegun
|
0-0: Ball 1-0: Foul Ball, location: 2F 1-1: Foul Ball, location: 2F 1-2: Ball 2-2: Ball 3-2: Base on Balls Masakuni Takeuchi to second
|
|
Batting: RHB Pedro Luera
|
0-0: Ball 1-0: Ball 2-0: Ball 3-0: Base on Balls Masakuni Takeuchi to third Vecdi Ertegun to second
|
|
Batting: LHB Gong Tow
|
0-0: Ball 1-0: Ball 2-0: Ball 3-0: Called Strike 3-1: Called Strike 3-2: Strikes out looking
|
|
Batting: LHB Jose Peralez
|
0-0: Foul Ball, location: 2F 0-1: Fly out, F9 (Line Drive, 9D, EV 88.8 MPH)
|
| Top of the 4th over - 0 runs, 1 hit, 0 errors, 3 left on base; Oklahoma State University 1 - University of California 1 |
| BOTTOM OF THE 4TH |
|
University of California Golden Bears batting - Pitching for Oklahoma State University Cowboys : RHP Cole Roome
|
|
Batting: LHB Dick Shafer
|
0-0: Foul Ball, location: 2F 0-1: Called Strike 0-2: Ground out 5-3 (Groundball, 5, EV 84.4 MPH)
|
|
Batting: LHB Luis Orellana
|
0-0: Ball 1-0: Foul Ball, location: 2F 1-1: Foul Ball, location: 2F 1-2: Ball 2-2: Foul Ball, location: 2F 2-2: Strikes out swinging
|
|
Batting: SHB Matsudaira Ikeda
|
0-0: Ball 1-0: Swinging Strike 1-1: Called Strike 1-2: Ball 2-2: Foul Ball, location: 2F 2-2: Ball 3-2: Base on Balls
|
|
Batting: RHB Alex Guerra
|
0-0: Called Strike 0-1: Foul Ball, location: 2F 0-2: Ground out 4-3 (Groundball, 4, EV 90.6 MPH)
|
| Bottom of the 4th over - 0 runs, 0 hits, 0 errors, 1 left on base; Oklahoma State University 1 - University of California 1 |
| TOP OF THE 5TH |
|
Oklahoma State University Cowboys batting - Pitching for University of California Golden Bears : RHP Karl-Anthony Aure
|
|
Batting: RHB Settan Nakamura
|
0-0: Called Strike 0-1: Called Strike 0-2: SOLO HOME RUN (Flyball, 7D, EV 101.2 MPH), Distance : 375 ft
|
|
Batting: RHB Ji-an See-to
|
0-0: Ball 1-0: Called Strike 1-1: Swinging Strike 1-2: Ball 2-2: Ball 3-2: SINGLE (Line Drive, 7S, EV 108.8 MPH)
|
|
Batting: RHB Ben Saxton
|
0-0: Called Strike 0-1: Ball 1-1: Swinging Strike 1-2: Foul Ball, location: 2F 1-2: Foul Ball, location: 2F 1-2: Strikes out looking
|
|
Batting: LHB Rafael Banda
|
0-0: 2-RUN HOME RUN (Flyball, 89XD, EV 101.2 MPH) (Inside the Park)
|
|
Batting: RHB Masakuni Takeuchi
|
0-0: Ball 1-0: Ground out 4-3 (Groundball, 4, EV 81.9 MPH)
|
|
Batting: LHB Vecdi Ertegun
|
0-0: Ball 1-0: Called Strike 1-1: DOUBLE (Line Drive, 3D, EV 101.9 MPH)
|
|
Batting: RHB Pedro Luera
|
0-0: Foul Ball, location: 2F 0-1: Ball 1-1: Swinging Strike 1-2: Foul Ball, location: 2F 1-2: Fly out, F3 (Line Drive, 34, EV 68.1 MPH)
|
| Top of the 5th over - 3 runs, 4 hits, 0 errors, 1 left on base; Oklahoma State University 4 - University of California 1 |
| BOTTOM OF THE 5TH |
|
University of California Golden Bears batting - Pitching for Oklahoma State University Cowboys : RHP Cole Roome
|
|
Batting: RHB Kevin Harris
|
0-0: Ball 1-0: Foul Ball, location: 2F 1-1: DOUBLE (Line Drive, 8LXD, EV 107.5 MPH)
|
|
Batting: RHB Domingas Saragoa
|
0-0: Swinging Strike 0-1: Foul Ball, location: 2F 0-2: Ball 1-2: Ball 2-2: 2-RUN HOME RUN (Flyball, 7LD, EV 94.4 MPH), Distance : 331 ft
|
|
Batting: LHB Eric Gaugler
|
0-0: Ball 1-0: Ball 2-0: Ball 3-0: Foul Ball, location: 2F 3-1: Base on Balls
|
|
Batting: RHB Mario Diaz
|
0-0: Ball 1-0: Sac Bunt to 23 - play at first, batter OUT! 3-4 Eric Gaugler to second
|
|
Batting: LHB Carlos Gaona
|
0-0: Ball 1-0: Ball Eric Gaugler steals 3rd base 2-0: DOUBLE (Flyball, 8RXD, EV 96.9 MPH) Eric Gaugler scores
|
|
Batting: LHB Dick Shafer
|
0-0: Called Strike 0-1: Ball 1-1: Ball 2-1: Foul Ball, location: 2F 2-2: Ground out 5-3 (Groundball, 56, EV 100.0 MPH)
|
|
Batting: LHB Luis Orellana
|
0-0: Called Strike 0-1: Foul Ball, location: 2F 0-2: SINGLE (Flyball, 9S, EV 90.0 MPH) Carlos Gaona to third Runner from 3rd tries for Home, SAFE, throw by RF to home
|
|
Pitching: RHP Safe-eldin Enobakhare
|
|
|
Batting: SHB Matsudaira Ikeda
|
0-0: Called Strike 0-1: Ball 1-1: Ball Luis Orellana steals 2nd base 2-1: Ball 3-1: Called Strike 3-2: Foul Ball, location: 2F 3-2: Ground out 6-3 (Groundball, 6, EV 85.6 MPH)
|
| Bottom of the 5th over - 4 runs, 4 hits, 0 errors, 1 left on base; Oklahoma State University 4 - University of California 5 |
| TOP OF THE 6TH |
|
Oklahoma State University Cowboys batting - Pitching for University of California Golden Bears : RHP Karl-Anthony Aure
|
|
Batting: LHB Gong Tow
|
0-0: Called Strike 0-1: SOLO HOME RUN (Flyball, 7LD, EV 91.2 MPH), Distance : 333 ft
|
|
Pitching: RHP Luis Lopez
|
|
|
Batting: LHB Jose Peralez
|
0-0: Ball 1-0: Called Strike 1-1: Foul Ball, location: 2F 1-2: Fly out, F9 (Flyball, 9, EV 80.0 MPH)
|
|
Batting: RHB Settan Nakamura
|
0-0: Called Strike 0-1: Ball 1-1: Ball 2-1: Ball 3-1: Base on Balls
|
|
Batting: RHB Ji-an See-to
|
0-0: Fly out, F6 (Line Drive, 6, EV 86.2 MPH)
|
|
Batting: RHB Ben Saxton
|
0-0: SINGLE (Flyball, 89S, EV 93.8 MPH) Settan Nakamura to second Runner from 2nd tries for 3rd, SAFE, throw by RF made to third
|
|
Batting: LHB Rafael Banda
|
0-0: Swinging Strike 0-1: Reached on error, E3 (Groundball, 3, EV 98.1 MPH) Settan Nakamura scores Ben Saxton to second
|
|
Batting: RHB Masakuni Takeuchi
|
0-0: Ball 1-0: Ball 2-0: Called Strike 2-1: Ball 3-1: Foul Ball, location: 2F 3-2: DOUBLE (Groundball, 5L, EV 102.5 MPH) Ben Saxton scores Rafael Banda to third Rafael Banda scores
|
|
Pitching: LHP Adam Gavel
|
|
|
Batting: LHB Vecdi Ertegun
|
0-0: Ball 1-0: Swinging Strike 1-1: Ball 2-1: Ball 3-1: Base on Balls
|
|
Batting: RHB Pedro Luera
|
0-0: Ball 1-0: Ball 2-0: Ball 3-0: Called Strike 3-1: Foul Ball, location: 2F 3-2: Base on Balls Masakuni Takeuchi to third Vecdi Ertegun to second
|
|
Batting: LHB Gong Tow
|
0-0: Fly out, F8 (Flyball, 8LD, EV 86.9 MPH)
|
| Top of the 6th over - 4 runs, 3 hits, 1 error, 3 left on base; Oklahoma State University 8 - University of California 5 |
| BOTTOM OF THE 6TH |
|
University of California Golden Bears batting - Pitching for Oklahoma State University Cowboys : RHP Safe-eldin Enobakhare
|
|
Batting: RHB Alex Guerra
|
0-0: Ball 1-0: Ground out 5-3 (Groundball, 56S, EV 88.8 MPH)
|
|
Batting: RHB Kevin Harris
|
0-0: Called Strike 0-1: Ground out U3 (Groundball, 13, EV 93.1 MPH)
|
|
Batting: RHB Domingas Saragoa
|
0-0: Ball 1-0: Foul Ball, location: 2F 1-1: Swinging Strike 1-2: Strikes out swinging
|
| Bottom of the 6th over - 0 runs, 0 hits, 0 errors, 0 left on base; Oklahoma State University 8 - University of California 5 |
| TOP OF THE 7TH |
|
Oklahoma State University Cowboys batting - Pitching for University of California Golden Bears : LHP Adam Gavel
|
|
Batting: LHB Jose Peralez
|
0-0: Ball 1-0: Reached on error, E5 (Groundball, 15, EV 86.9 MPH)
|
|
Batting: RHB Settan Nakamura
|
0-0: Fly out, F4 (Popup, 4, EV 56.9 MPH)
|
|
Batting: RHB Ji-an See-to
|
0-0: Foul Ball, location: 2F 0-1: Ball 1-1: Fly out, F8 (Line Drive, 8RM, EV 95.6 MPH)
|
|
Batting: RHB Ben Saxton
|
0-0: Ball 1-0: Called Strike 1-1: Foul Ball, location: 2F 1-2: Fly out, F8 (Line Drive, 8LD, EV 90.0 MPH)
|
| Top of the 7th over - 0 runs, 0 hits, 1 error, 1 left on base; Oklahoma State University 8 - University of California 5 |
| BOTTOM OF THE 7TH |
|
University of California Golden Bears batting - Pitching for Oklahoma State University Cowboys : RHP Safe-eldin Enobakhare
|
|
Pitching: RHP Bin Li
|
|
|
Batting: LHB Eric Gaugler
|
0-0: SINGLE (Line Drive, 8RS, EV 101.2 MPH)
|
|
Batting: RHB Mario Diaz
|
0-0: Ball 1-0: Called Strike Eric Gaugler steals 2nd base (no throw) 1-1: Ball 2-1: Fly out, F7 (Flyball, 78D, EV 103.1 MPH) Runner from 2nd tags up, SAFE at 3rd with throw by LF
|
|
Batting: LHB Carlos Gaona
|
0-0: Ball 1-0: Foul Ball, location: 2F 1-1: Ball 2-1: Foul Ball, location: 2F 2-2: Strikes out swinging
|
|
Batting: LHB Dick Shafer
|
0-0: Ball 1-0: Ball 2-0: 2-RUN HOME RUN (Line Drive, 89XD, EV 108.1 MPH), Distance : 417 ft
|
|
Batting: LHB Luis Orellana
|
0-0: Called Strike 0-1: SINGLE (Line Drive, 7S, EV 103.8 MPH)
|
|
Batting: SHB Matsudaira Ikeda
|
0-0: Ball 1-0: Ball Luis Orellana steals 2nd base 2-0: Ground out 5-3 (Groundball, 5L, EV 88.1 MPH)
|
| Bottom of the 7th over - 2 runs, 3 hits, 0 errors, 1 left on base; Oklahoma State University 8 - University of California 7 |
| TOP OF THE 8TH |
|
Oklahoma State University Cowboys batting - Pitching for University of California Golden Bears : LHP Adam Gavel
|
|
Pitching: RHP Steve Clothier
|
|
|
Batting: LHB Rafael Banda
|
0-0: SOLO HOME RUN (Flyball, 89XD, EV 115.6 MPH), Distance : 452 ft
|
|
Batting: RHB Masakuni Takeuchi
|
0-0: Ball 1-0: Ball 2-0: Ball 3-0: Called Strike 3-1: Foul Ball, location: 2F 3-2: Strikes out swinging
|
|
Batting: LHB Vecdi Ertegun
|
0-0: Ball 1-0: Foul Ball, location: 2F 1-1: Foul Ball, location: 2F 1-2: Foul Ball, location: 2F 1-2: Ground out 6-3 (Groundball, 56, EV 88.1 MPH)
|
|
Batting: RHB Pedro Luera
|
0-0: Ball 1-0: Foul Ball, location: 2F 1-1: Called Strike 1-2: Foul Ball, location: 2F 1-2: Ball 2-2: SINGLE (Groundball, 56S, EV 66.2 MPH) (infield hit)
|
|
Pitching: RHP Travis Morris
|
|
|
Batting: LHB Gong Tow
|
0-0: Ball 1-0: Foul Ball, location: 2F 1-1: 2-RUN HOME RUN (Flyball, 9D, EV 95.6 MPH), Distance : 357 ft
|
|
Batting: LHB Jose Peralez
|
0-0: Ball 1-0: Ball 2-0: Foul Ball, location: 2F 2-1: SINGLE (Line Drive, 34D, EV 100.0 MPH)
|
|
Batting: RHB Settan Nakamura
|
0-0: Fly out, F8 (Line Drive, 8RM, EV 88.8 MPH)
|
| Top of the 8th over - 3 runs, 4 hits, 0 errors, 1 left on base; Oklahoma State University 11 - University of California 7 |
| BOTTOM OF THE 8TH |
|
University of California Golden Bears batting - Pitching for Oklahoma State University Cowboys : RHP Bin Li
|
|
Pinch Hitting: RHB Nate Mahon
|
0-0: Ball 1-0: Fly out, F9 (Flyball, 89M, EV 81.2 MPH)
|
|
Pinch Hitting: RHB Juan Debayle
|
0-0: Ball 1-0: Ball 2-0: Ball 3-0: Base on Balls
|
|
Batting: RHB Domingas Saragoa
|
0-0: Ball 1-0: Fly out, F8 (Flyball, 78M, EV 95.0 MPH)
|
|
Pitching: RHP Andrew Dopp
|
|
|
Batting: LHB Eric Gaugler
|
0-0: Fly out, F6 (Popup, 6, EV 76.2 MPH)
|
| Bottom of the 8th over - 0 runs, 0 hits, 0 errors, 1 left on base; Oklahoma State University 11 - University of California 7 |
| TOP OF THE 9TH |
|
Oklahoma State University Cowboys batting - Pitching for University of California Golden Bears : RHP Travis Morris
|
|
Pitching: RHP Frank Salinas
|
|
|
Now at 1B: Nate Mahon
|
|
|
Now at 2B: Alex Martinez
|
|
|
Batting: RHB Ji-an See-to
|
0-0: Ball 1-0: Ball 2-0: Called Strike 2-1: Ground out 6-3 (Groundball, 6MD, EV 85.6 MPH)
|
|
Batting: RHB Ben Saxton
|
0-0: Ball 1-0: Fly out, F3 (Line Drive, 3, EV 72.5 MPH)
|
|
Batting: LHB Rafael Banda
|
0-0: Swinging Strike 0-1: Ball 1-1: Called Strike 1-2: Ball 2-2: Foul Ball, location: 2F 2-2: Ball 3-2: Foul Ball, location: 2F 3-2: Base on Balls
|
|
Batting: RHB Masakuni Takeuchi
|
0-0: Called Strike 0-1: Ball 1-1: Ball 2-1: Ball 3-1: Foul Ball, location: 2F 3-2: Foul Ball, location: 2F 3-2: Strikes out swinging
|
| Top of the 9th over - 0 runs, 0 hits, 0 errors, 1 left on base; Oklahoma State University 11 - University of California 7 |
| BOTTOM OF THE 9TH |
|
University of California Golden Bears batting - Pitching for Oklahoma State University Cowboys : RHP Andrew Dopp
|
|
Batting: RHB Mario Diaz
|
0-0: Ball 1-0: DOUBLE (Line Drive, 8LD, EV 106.9 MPH)
|
|
Batting: LHB Carlos Gaona
|
0-0: Foul Ball, location: 2F 0-1: Foul Ball, location: 2F 0-2: Foul Ball, location: 2F 0-2: Ball 1-2: Ball 2-2: Ball 3-2: Foul Ball, location: 2F 3-2: SINGLE (Groundball, 6M, EV 101.2 MPH) Mario Diaz to third
|
|
Pitching: RHP Yorinobu Matsumoto
|
|
|
Batting: LHB Dick Shafer
|
0-0: Fly out, F4 (Popup, 4MD, EV 43.1 MPH)
|
|
Batting: LHB Luis Orellana
|
0-0: Ball 1-0: Ball 2-0: Ball 3-0: Called Strike 3-1: Called Strike 3-2: SINGLE (Line Drive, 34, EV 93.8 MPH) Mario Diaz scores Carlos Gaona to second
|
|
Batting: SHB Matsudaira Ikeda
|
0-0: Ball 1-0: Ball 2-0: Ball 3-0: Base on Balls Carlos Gaona to third Luis Orellana to second
|
|
Batting: RHB Nate Mahon
|
0-0: Ball 1-0: Called Strike 1-1: Ball 2-1: Foul Ball, location: 2F 2-2: Foul Ball, location: 2F 2-2: Ball 3-2: Foul Ball, location: 2F 3-2: Fly out, F8 (Line Drive, 8RD, EV 105.0 MPH)
|
|
Batting: RHB Alex Martinez
|
0-0: Swinging Strike 0-1: Ball 1-1: Ground out 1-3 (Groundball, 13S, EV 68.8 MPH)
|
| Bottom of the 9th over - 1 run, 3 hits, 0 errors, 3 left on base; Oklahoma State University 11 - University of California 8 |
|